 Dungeon Crawl Stone Soup version 0.17.2-1-ge4368a0 (webtiles) character file.

1996 IWannaBeepSomebody the Covert (level 9, -3/53 HPs)
             Began as an Octopode Arcane Marksman on Jan 21, 2018.
             Was an Initiate of Vehumet.
             Killed from afar by an orc wizard (9 damage)
             ... with a puff of flame
             ... on level 7 of the Dungeon.
             The game lasted 01:55:16 (10977 turns).

IWannaBeepSomebody the Covert (OpAM)               Turns: 10977, Time: 01:55:17

Health: -3/53      AC:  1    Str: 16    XL:     9   Next: 21%
Magic:  13/13      EV: 14    Int: 15    God:    Vehumet [......]
Gold:   364        SH:  0    Dex: 14    Spells: 2 memorised, 11 levels left

rFire  . . .     SeeInvis .     e - +3 flail (holy)
rCold  . . .     Clarity  .     (no shield)
rNeg   . . .     SustAt   .     (helmet restricted)
rPois  .         Gourm    .     (no amulet)
rElec  .         Spirit   .     D - ring of stealth
rCorr  .         Warding  .     C - +5 ring of strength
rMut   .         Stasis   .     (no ring)
MR     .....                    (no ring)
Stlth  +++++++...               (no ring)
                                (no ring)
                                (no ring)
                                (no ring)

@: very slightly contaminated, not resistant to hostile enchantments, extremely
stealthy
A: almost no armour, amphibious, 8 rings, constrict 8, camouflage 1, gelatinous
body 1
a: Renounce Religion


You were on level 7 of the Dungeon.
You worshipped Vehumet.
Vehumet was noncommittal.
You were hungry.

You visited 2 branches of the dungeon, and saw 9 of its levels.

You collected 364 gold pieces.

Inventory:

Hand Weapons
 a - a +1 dagger of electrocution
 b - a +1 hand crossbow
 c - a +1 halberd of chopping
 d - a +0 rapier
 e - a +3 flail of holy wrath (weapon)
 f - a +0 flail of holy wrath
 g - a +0 mace of holy wrath
 h - a +0 hand axe
 i - a cursed +0 club
 p - a +0 dagger
 r - a cursed -3 dagger
 t - a +0 halberd
 y - a +0 dagger
 B - a +0 hunting sling
 E - a cursed -2 mace
Missiles
 n - 10 bolts of frost
 w - 22 bolts
 x - 23 arrows
 R - 4 poisoned tomahawks (quivered)
Armour
 q - a +0 robe
 s - a +0 robe
 u - a +0 plate armour
 G - a +0 ring mail
 H - a +0 robe
 I - a +0 leather armour
 J - a +0 large shield
Jewellery
 C - a +5 ring of strength (right tentacle)
 D - a ring of stealth (left tentacle)
Wands
 v - a wand of fireball (10)
Scrolls
 j - a scroll of identify
 o - a scroll of blinking
 F - 3 scrolls of teleportation
Potions
 k - a potion of might
 z - a potion of agility {unknown}
 A - a potion of heal wounds
 K - a potion of resistance {unknown}
 T - a potion of haste {unknown}
 V - 2 potions of curing
Books
 l - a book of Debilitation

   Spells                             Type                      Level
   a - Corona                         Hexes                        1
   b - Slow                           Hexes                        2
   c - Gell's Gravitas                Hexes/Translocation          3
   d - Inner Flame                    Hexes/Fire                   3
   e - Cause Fear                     Hexes                        4
   f - Leda's Liquefaction            Hexes/Earth                  4
 m - Sif Muna's Incunabulum of Stolen Souls
   (You found it on level 6 of the Dungeon)

   Spells                             Type                      Level
   a - Pain                           Necromancy                   1
Comestibles
 L - 3 bread rations


   Skills:
 + Level 1.3 Fighting
 + Level 3.1 Short Blades
 + Level 2.1 Maces & Flails
 - Level 2.2 Polearms
 + Level 2.0 Crossbows
 + Level 3.9 Dodging
 * Level 11.0 Stealth
 + Level 3.3 Unarmed Combat
 - Level 3.0 Spellcasting
 + Level 3.0 Hexes
 + Level 3.8 Evocations


You had 11 spell levels left.
You knew the following spells:

 Your Spells              Type           Power        Failure   Level  Hunger
a - Corona                Hex            ##.....      8%          1    #......
b - Slow                  Hex            ##......     12%         2    ##.....


Dungeon Overview and Level Annotations

Branches:
Dungeon (8/15)             Temple (1/1) D:5
   Lair: D:8-11

Altars:
Ashenzari
Cheibriados
Dithmenos
Elyvilon
Fedhas
Gozag
Kikubaaqudgha
Nemelex Xobeh
Okawaru
Qazlal
Ru
Sif Muna
Trog
Vehumet
Yredelemnul
Zin
The Shining One
Beogh

Annotations:
D:2 exclusion: downstairs


Innate Abilities, Weirdness & Mutations

You cannot wear most types of armour.
You are amphibious.
You can wear up to eight rings at the same time.
You can use your tentacles to constrict eight enemies at once.
Your skin changes colour to match your surroundings (Stealth).
Your rubbery body absorbs attacks (AC +1).


Message History

You closely miss something. You squeeze something. Something hits you.
You hear some strange, mumbled words.
A magic dart appears from out of thin air!
The magic dart hits you!
You hit something.
You hear some strange, mumbled words.
A magic dart appears from out of thin air!
The magic dart hits you!
You hit something. Something hits you.
* * * LOW HITPOINT WARNING * * *
You hit something.
You hear some strange, mumbled words.
A puff of flame appears from out of thin air!
The puff of flame hits you!
* * * LOW HITPOINT WARNING * * *
You closely miss something.
You hear some strange, mumbled words.
A puff of flame appears from out of thin air!
The puff of flame hits you!
You die...

# .. ..........#
..........#
..........# #
..........#######.#
...........{@.....#
..........#########
.$.............
.......ยง)...#
.######)....#
#.....# #.....#
#.....# #######


There were no monsters in sight!

Vanquished Creatures
  The ghost of Furygyula the Stinger, an amateur OpVM (D:5)
  Menkaure (D:6)
  An orc warrior (D:6)
  2 necrophages
  3 ogres
  2 phantoms
  2 giant frogs (D:7)
  2 crimson imps
  3 hounds
  8 orc wizards
  A giant frog skeleton (D:5)
  4 orc priests
  2 worker ants
  2 hound skeletons (D:5)
  Robin (D:4)
  4 gnolls (D:2)
  9 adders
  An ooze (D:2)
  An adder skeleton (D:7)
  2 worms (D:3)
  32 orcs
  3 bats
  7 giant cockroaches
  8 hobgoblins
  5 jackals
  4 kobolds
  A quokka (D:4)
  4 giant geckos
  A giant gecko skeleton (D:7)
  5 giant newts
  19 goblins
  8 rats
149 creatures vanquished.

Notes
Turn   | Place    | Note
--------------------------------------------------------------
     0 | D:1      | IWannaBeepSomebody the Octopode Arcane Marksman began the quest for the Orb.
     0 | D:1      | Reached XP level 1. HP: 13/13 MP: 2/2
   241 | D:1      | Reached skill level 1 in Stealth
   293 | D:1      | Reached XP level 2. HP: 18/18 MP: 3/3
   916 | D:2      | Reached XP level 3. HP: 23/23 MP: 4/4
   921 | D:2      | Reached skill level 4 in Stealth
   925 | D:2      | Reached skill level 5 in Stealth
   925 | D:2      | Reached XP level 4. HP: 15/28 MP: 5/5
  2394 | D:3      | Reached skill level 6 in Stealth
  2410 | D:3      | Reached XP level 5. HP: 33/33 MP: 6/6
  2426 | D:3      | Reached skill level 7 in Stealth
  3610 | D:4      | Noticed a necrophage
  3624 | D:4      | Killed a necrophage
  3624 | D:4      | Reached skill level 8 in Stealth
  3624 | D:4      | Reached XP level 6. HP: 26/38 MP: 7/7
  4108 | D:4      | Found a roughly hewn altar of Beogh.
  4118 | D:4      | Reached skill level 9 in Stealth
  4444 | D:4      | Noticed an ogre
  4713 | D:4      | Learned a level 2 spell: Slow
  5277 | D:4      | Noticed Robin
  5282 | D:4      | Killed Robin
  5282 | D:4      | Reached skill level 1 in Evocations
  5633 | D:4      | Killed an ogre
  5633 | D:4      | Reached XP level 7. HP: 38/43 MP: 7/9
  5755 | D:4      | Reached skill level 1 in Polearms
  5755 | D:4      | Reached skill level 1 in Unarmed Combat
  5811 | D:4      | Reached skill level 1 in Short Blades
  5880 | D:5      | Entered Level 5 of the Dungeon
  6278 | D:5      | Noticed Furygyula's ghost (amateur OpVM)
  6810 | D:5      | Killed Furygyula's ghost
  6810 | D:5      | Reached skill level 10 in Stealth
  6810 | D:5      | Reached XP level 8. HP: 25/48 MP: 9/11
  7314 | D:5      | Found a shadowy altar of Dithmenos.
  7314 | D:5      | Found a snail-covered altar of Cheibriados.
  7314 | D:5      | Found a glowing golden altar of the Shining One.
  7315 | D:5      | Found a deep blue altar of Sif Muna.
  7319 | D:5      | Found a radiant altar of Vehumet.
  7336 | D:5      | Became a worshipper of Vehumet
  8078 | D:5      | Reached skill level 1 in Maces & Flails
  8512 | D:5      | Found a staircase to the Ecumenical Temple.
  8641 | Temple   | Entered the Ecumenical Temple
 10488 | D:6      | Found a deep blue altar of Sif Muna.
 10504 | D:6      | Identified Sif Muna's Incunabulum of Stolen Souls
 10579 | D:6      | Reached XP level 9. HP: 53/53 MP: 13/13
 10647 | D:6      | Noticed Menkaure
 10658 | D:6      | Killed Menkaure
 10961 | D:7      | Reached skill level 11 in Stealth
 10977 | D:7      | Killed from afar by an orc wizard

Action                   |  1- 3 |  4- 6 |  7- 9 || total
-------------------------+-------+-------+-------++-------
Melee: Hand crossbow     |     2 |     1 |     1 ||     4
       Dagger            |     1 |     9 |    11 ||    21
       Halberd           |       |    47 |    24 ||    71
       Mace              |       |       |    34 ||    34
       Flail             |       |       |    27 ||    27
 Fire: Hand crossbow     |    37 |    92 |    45 ||   174
Throw: Throwing net      |       |     1 |     2 ||     3
       Stone             |       |     1 |     2 ||     3
       Tomahawk          |       |       |     7 ||     7
Evoke: Wand              |       |     6 |    10 ||    16
  Use: Scroll            |     2 |     9 |     6 ||    17
       Potion            |       |       |     2 ||     2
 Stab: Sleeping          |     1 |     3 |     6 ||    10
       Distracted        |       |     1 |     1 ||     2
  Eat: Chunk             |       |    11 |     4 ||    15
       Pizza             |       |     3 |       ||     3
       Bread ration      |       |       |     3 ||     3
